AoeStats
← serrurerie

Arabia

508669686Analyzed
1v1 RM · 8d ago on Sep 23, 2026· 47m 20s· 2 players
Game mode
Random Map
Map size
Tiny (2 player)
Population
200
Speed
Normal
Resources
Standard
Victory
Conquest
Starting age
Dark Age
Ending age
Imperial Age
RankedLock teamsTeams togetherTeam positionsShared explorationLock speedFull tech treeHidden civsTurbo modeCheats
Victory
Defeat
🇨🇭 Turks · Switzerland
1388
+14
🇦🇹 Bulgarians · Austria
1347
-14
MA
7:15 Loom
11:03 Feudal Age
17:42 Castle Age
17:06 Double-Bit Axe
17:03 Horse Collar
19:27 Forging
24:59 Fletching
26:13 Bodkin Arrow
32:55 Iron Casting
33:34 Scale Barding Armor
33:44 Husbandry
36:26 Chain Barding Armor
36:57 Ballistics
37:29 Bloodlines
37:20 Gold Mining
37:30 Stone Mining
38:33 Wheelbarrow
37:44 Town Watch
43:07 Imperial Age
42:28 Stirrups
44:39 Plate Barding Armor
45:42 Blast Furnace
serrurerie
5:32 Loom
9:27 Feudal Age
9:52 Double-Bit Axe
11:16 Horse Collar
17:58 Castle Age
17:38 Scale Barding Armor
17:50 Bloodlines
18:38 Gold Mining
19:23 Bow Saw
20:59 Fletching
21:46 Husbandry
24:23 Wheelbarrow
24:03 Town Watch
28:44 Heavy Plow
29:34 Bodkin Arrow
30:22 Stone Mining
31:08 Gold Shaft Mining
31:25 Padded Archer Armor
31:48 Crossbowman
33:17 Ballistics
35:48 Imperial Age
33:57 Leather Archer Armor
36:16 Thumb Ring
36:33 Hand Cart
36:18 Town Patrol
37:37 Two-Man Saw
36:40 Bracer
38:13 Parthian Tactics
38:18 Heavy Cavalry Archer
40:46 Sipahi
40:47 Conscription
41:30 Artillery
44:07 Ring Archer Armor
43:58 Chain Barding Armor
Connection lost

Rejoining the realm…

Still unreachable

The connection could not be restored.

Session expired

The server has moved on; the page needs a fresh start.